 Dungeon Crawl Stone Soup version 0.18-a0-29-gce27f3c (webtiles) character file.

125 youngkai the Charlatan (level 4, 0/22 HPs)
             Began as a Spriggan Artificer on Nov 4, 2015.
             Slain by an orc wizard
             ... wielding a +0 dagger
              (3 damage)
             ... on level 3 of the Dungeon.
             The game lasted 00:07:48 (1806 turns).

youngkai the Charlatan (Spriggan Artificer)         Turns: 1806, Time: 00:07:49

Health: 0/22       AC:  2    Str:  7    XL:     4   Next: 82%
Magic:  8/8        EV: 19    Int: 14    God:
Gold:   107        SH:  0    Dex: 16    Spells: 0 memorised, 3 levels left

rFire  x . .     SeeInvis +     h - +2 dagger (venom)
rCold  + . .     Clarity  .     b - +0 robe
rNeg   . . .     SustAt   .     (shield restricted)
rPois  .         Gourm    .     (helmet restricted)
rElec  .         Spirit   .     (no cloak)
rCorr  .         Warding  .     (gloves unavailable)
rMut   .         Stasis   .     (boots unavailable)
MR     .....                    (no amulet)
Stlth  +++.......               n - ring of ice
                                j - ring of flight

@: very quick, not resistant to hostile enchantments, fairly stealthy
A: unfitting armour, see invisible, herbivore 3, speed 3, slow metabolism 2
a: Evoke Flight


You were on level 3 of the Dungeon.
You were not hungry.

You visited 1 branch of the dungeon, and saw 3 of its levels.

You collected 107 gold pieces.

Inventory:

Hand Weapons
 a - a +0 short sword
 h - a +2 dagger of venom (weapon)
Missiles
 r - 8 needles of paralysis
Armour
 b - a +0 robe (worn)
Jewellery
 j - a ring of flight (left hand)
 n - a ring of ice (right hand)
 s - an uncursed amulet of the gourmand {unknown}
Wands
 c - a wand of flame (15)
 d - a wand of enslavement (15)
 e - a wand of random effects (14)
Scrolls
 g - 4 scrolls of remove curse {unknown}
 k - 2 scrolls of identify {unknown}
 m - 2 scrolls of enchant armour {unknown}
 o - a scroll of blinking {unknown}
 p - 2 scrolls of fog {unknown}
 v - a scroll of amnesia {unknown}
Potions
 l - 2 potions of haste {unknown}
 q - 2 potions of curing {unknown}
 t - a potion of mutation {unknown}
 u - a potion of might {unknown}
Comestibles
 f - 2 bread rations
 i - 10 fruits


   Skills:
 + Level 1.4 Fighting
 + Level 1.7 Short Blades
 + Level 4.3 Dodging
 + Level 4.3 Stealth
 + Level 5.1 Evocations


You had 3 spell levels left.
You didn't know any spells.

Dungeon Overview and Level Annotations

Branches:
Dungeon (3/15)

Altars:
Fedhas
Sif Muna


Innate Abilities, Weirdness & Mutations

You are tiny and cannot use many weapons and most armour.
You have supernaturally acute eyesight.
You are a herbivore.
You cover ground extremely quickly.
You need consume almost no food.


Message History

You kill the orc!
The orc hits you with a mace.
You hit the orc.
You kill the orc!
The orc wizard looks braver for a moment.
The orc wizard closely misses you.
You hit the orc wizard.
The orc wizard is lightly wounded.
The orc wizard hits you with a dagger.
* * * LOW HITPOINT WARNING * * *
You barely miss the orc wizard.
The orc wizard is lightly wounded.
The orc wizard closely misses you.
You hit the orc wizard but do no damage.
The orc wizard is poisoned.
The orc wizard is lightly wounded.
You hit the orc wizard but do no damage.
The orc wizard is lightly wounded.
The orc wizard hits you with a dagger.
You die...

# #.#.#.#.#..# .#
#.###.#.#.#.#... ..#
. ...#...#.#.### ..#
.#.###.#####.#.#
>.#..#.....o.o...#.#
#.#..#####†#####)#
..... #. #o# #.## #o
# #o# ...# #o #.#@#
#..# #. #...# #..#
.o ##### #..#######.
#..........
...#######. ####


You could see 2 orc wizards.

Vanquished Creatures
  An orc priest (D:3)
  2 adders
  2 oozes
  3 worms
  2 giant geckos
  6 orcs (D:3)
  A ball python (D:1)
  3 goblins
  4 hobgoblins
  10 jackals
  6 kobolds
  7 bats
  2 giant cockroaches (D:1)
  A giant newt (D:3)
  5 rats
55 creatures vanquished.

Notes
Turn   | Place    | Note
--------------------------------------------------------------
     0 | D:1      | youngkai the Spriggan Artificer began the quest for the Orb.
     0 | D:1      | Reached XP level 1. HP: 9/9 MP: 4/4
   161 | D:1      | Reached XP level 2. HP: 6/14 MP: 6/6
   485 | D:2      | Reached XP level 3. HP: 14/17 MP: 7/7
  1031 | D:3      | Found a deep blue altar of Sif Muna.
  1377 | D:3      | Reached skill level 1 in Fighting
  1377 | D:3      | Reached skill level 5 in Evocations
  1377 | D:3      | Reached XP level 4. HP: 20/22 MP: 8/8
  1650 | D:3      | Found a blossoming altar of Fedhas.
  1806 | D:3      | Slain by an orc wizard

Vault maps used:
D:1:      scummos_arrival_hexagon
D:2:      first_bread, eino_tiny_chamber, supply_closet_lemuel
D:3:      lemuel_crystal_altar, roderic_lattice_a, roderic_roman_lattice,
          fedhas_altar_3

Action                   |  1- 3 |  4- 6 || total
-------------------------+-------+-------++-------
Melee: Dagger            |    74 |    49 ||   123
       Short sword       |     6 |       ||     6
Evoke: Wand              |     1 |       ||     1
 Stab: Sleeping          |    13 |     2 ||    15
